General information
- name: BNet
- type: Ladder team game (AT/RT)
- host: Battle.net
- saver: mr-pink
map: MarketSquare
- players: 8
- length: 27:55
- speed: Fast
- version: 1.24 W3XP
- replay type: Public
» download(158 KB)
Players
team 1 (winner)

»
mpge4divx (
red | 57 APM | 1584 actions | 27:54)
5 Death Knight
3 Death Coil
2 Unholy Aura
3 Lich
2 Frost Armor
1 Dark Ritual
» actions
| Assign group hotkey | 103 | |
| Basic commands | 153 | |
| Build / train | 53 | |
| ESC pressed | 3 | |
| Enter build submenu | 16 | |
| Enter hero's abilities submenu | 8 | |
| Right click | 534 | |
| Select / deselect | 239 | |
| Select group hotkey | 412 | |
| Use ability | 63 | |
1584 total
» units
| Acolyte | 5 | |
| Ghoul | 6 | |
| Crypt Fiend | 9 | |
| Frost Wyrm | 4 | |
24 total
» upgrades
| Creature Attack | 2 | |
| Creature Carapace | 1 | |
| Web | 1 | |
| Ghoul Frenzy | 1 | |
| Freezing Breath | 1 | |
6 total
» buildings
| Altar of Darkness | 1 | |
| Ziggurat | 7 | |
| Crypt | 1 | |
| Tomb of Relics | 1 | |
| Graveyard | 1 | |
| Nerubian Tower | 1 | |
| Halls of the Dead | 1 | |
| Black Citadel | 3 | |
| Sacrificial Pit | 1 | |
| Boneyard | 2 | |
19 total
» build order
00:10 Altar of Darkness
00:15 Ziggurat
00:35 Crypt
01:16 Tomb of Relics
01:29 Graveyard
01:48 Ziggurat
03:31 Nerubian Tower
05:33 Ziggurat
05:39 Halls of the Dead
07:27 Ziggurat
08:09 Black Citadel
08:09 Black Citadel
08:09 Black Citadel
08:13 Ziggurat
08:15 Sacrificial Pit
10:59 Boneyard
11:43 Boneyard
13:14 Ziggurat
15:12 Ziggurat
» items
| Rod of Necromancy | 1 | |
| Orb of Corruption | 1 | |
2 total

»
aaabbbccc123 (
yellow | 33 APM | 771 actions | 23:17)
4 Demon Hunter
2 Immolation
2 Evasion
3 Priestess of the Moon
1 Scout
2 Trueshot Aura
2 Keeper of the Grove
1 Entangling Roots
1 Thorns Aura
» actions
| Basic commands | 10 | |
| Build / train | 73 | |
| Enter build submenu | 17 | |
| Enter hero's abilities submenu | 9 | |
| Give item / drop item | 2 | |
| Right click | 282 | |
| Select / deselect | 327 | |
| Use ability | 51 | |
771 total
» units
| Wisp | 17 | |
| Archer | 7 | |
| Huntress | 1 | |
| Hippogryph | 16 | |
| Chimaera | 7 | |
48 total
» upgrades
| Strength of the Wild | 3 | |
| Reinforced Hides | 3 | |
| Corrosive Breath | 1 | |
| Well Spring | 1 | |
8 total
» buildings
| Moon Well | 8 | |
| Altar of Elders | 1 | |
| Ancient of War | 1 | |
| Tree of Ages | 1 | |
| Tree of Life | 1 | |
| Hunter's Hall | 1 | |
| Tree of Eternity | 1 | |
| Ancient of Wind | 1 | |
| Chimaera Roost | 3 | |
| Ancient of Wonders | 1 | |
19 total
» build order
00:12 Moon Well
00:14 Altar of Elders
01:08 Ancient of War
01:24 Moon Well
01:49 Moon Well
03:53 Tree of Ages
05:16 Tree of Life
05:33 Hunter's Hall
05:55 Moon Well
07:17 Tree of Eternity
07:23 Moon Well
08:16 Ancient of Wind
08:33 Moon Well
08:56 Moon Well
09:57 Chimaera Roost
10:06 Chimaera Roost
10:09 Chimaera Roost
10:31 Moon Well
11:30 Ancient of Wonders
» items
| Orb of Venom | 1 | |
| Scroll of Town Portal | 1 | |
| Potion of Lesser Invulnerability | 1 | |
3 total
Mr.Pink) (
teal | 50 APM | 1386 actions | 27:54)
8 Blademaster
3 Wind Walk
3 Critical Strike
1 Bladestorm
1 Mirror Image
» actions
| Assign group hotkey | 38 | |
| Basic commands | 140 | |
| Build / train | 65 | |
| Enter build submenu | 27 | |
| Enter hero's abilities submenu | 8 | |
| Give item / drop item | 1 | |
| Remove unit from queue | 2 | |
| Right click | 624 | |
| Select / deselect | 255 | |
| Select group hotkey | 159 | |
| Use ability | 67 | |
1386 total
» units
| Peon | 14 | |
| Grunt | 6 | |
| Wind Rider | 7 | |
| Troll Batrider | 10 | |
37 total
» upgrades
| Ranged Weapons | 3 | |
| Troll Regeneration | 1 | |
| Liquid Fire | 1 | |
| Armor | 3 | |
| Reinforced Defenses | 1 | |
| Envenomed Spears | 1 | |
10 total
» buildings
| Altar of Storms | 1 | |
| Orc Burrow | 6 | |
| Barracks | 1 | |
| Voodoo Lounge | 1 | |
| Stronghold | 1 | |
| War Mill | 1 | |
| Great Hall | 1 | |
| Watch Tower | 13 | |
| Beastiary | 2 | |
| Fortress | 1 | |
28 total
» build order
00:25 Altar of Storms
00:31 Orc Burrow
00:56 Barracks
01:09 Orc Burrow
01:59 Voodoo Lounge
02:53 Stronghold
04:15 War Mill
05:37 Great Hall
05:43 Watch Tower
05:44 Watch Tower
05:44 Watch Tower
07:42 Beastiary
07:43 Beastiary
08:20 Fortress
09:13 Orc Burrow
09:14 Orc Burrow
09:20 Watch Tower
09:23 Watch Tower
11:36 Watch Tower
15:42 Watch Tower
15:43 Watch Tower
15:43 Watch Tower
15:44 Watch Tower
15:47 Watch Tower
15:49 Watch Tower
15:50 Watch Tower
19:00 Orc Burrow
19:02 Orc Burrow
» items
| Healing Salve | 2 | |
| Lesser Clarity Potion | 1 | |
| Boots of Speed | 1 | |
| Circlet of Nobility | 1 | |
5 total
mr-pink (
blue | 49 APM | 1376 actions | 27:55)
6 Mountain King
3 Storm Bolt
2 Bash
1 Avatar
» actions
| Assign group hotkey | 22 | |
| Basic commands | 249 | |
| Build / train | 56 | |
| Enter build submenu | 18 | |
| Enter hero's abilities submenu | 6 | |
| Right click | 311 | |
| Select / deselect | 171 | |
| Select group hotkey | 480 | |
| Use ability | 63 | |
1376 total
» units
| Peasant | 15 | |
| Footman | 5 | |
| Gryphon Rider | 8 | |
28 total
» upgrades
| Masonry | 3 | |
| Lumber Harvesting | 2 | |
| Swords | 1 | |
| Armor | 1 | |
| Animal War Training | 1 | |
8 total
» buildings
| Altar of Kings | 1 | |
| Barracks | 1 | |
| Farm | 11 | |
| Scout Tower | 14 | |
| Arcane Tower | 1 | |
| Arcane Vault | 1 | |
| Keep | 1 | |
| Lumber Mill | 1 | |
| Blacksmith | 1 | |
| Castle | 1 | |
| Guard Tower | 6 | |
| Gryphon Aviary | 4 | |
| Town Hall | 1 | |
44 total
» build order
00:10 Altar of Kings
00:21 Barracks
00:37 Farm
00:53 Farm
01:32 Scout Tower
01:41 Farm
02:02 Arcane Tower
02:24 Arcane Vault
03:15 Keep
03:37 Farm
04:18 Lumber Mill
04:59 Scout Tower
05:01 Scout Tower
05:01 Scout Tower
05:03 Scout Tower
05:14 Blacksmith
06:43 Castle
07:23 Scout Tower
07:23 Scout Tower
07:23 Scout Tower
07:33 Guard Tower
07:34 Guard Tower
07:38 Gryphon Aviary
07:38 Gryphon Aviary
07:49 Farm
07:50 Farm
07:51 Farm
07:51 Farm
07:52 Farm
08:50 Guard Tower
10:23 Town Hall
10:26 Scout Tower
10:27 Scout Tower
10:29 Scout Tower
10:29 Scout Tower
10:30 Scout Tower
10:30 Scout Tower
11:18 Guard Tower
11:46 Guard Tower
13:07 Guard Tower
13:35 Gryphon Aviary
13:35 Gryphon Aviary
13:40 Farm
» items
| Scroll of Regeneration | 2 | |
| Staff of Teleportation | 1 | |
| Potion of Lesser Invulnerability | 1 | |
4 total
team 2 (loser)

»
jonqdrums (
pink | 61 APM | 1705 actions | 27:54)
4 Keeper of the Grove
2 Force of Nature
2 Entangling Roots
» actions
| Assign group hotkey | 29 | |
| Basic commands | 46 | |
| Build / train | 80 | |
| ESC pressed | 4 | |
| Enter build submenu | 26 | |
| Enter hero's abilities submenu | 4 | |
| Right click | 587 | |
| Select / deselect | 480 | |
| Select group hotkey | 386 | |
| Use ability | 63 | |
1705 total
» units
| Wisp | 25 | |
| Archer | 17 | |
| Hippogryph | 9 | |
| Tauren | 7 | |
58 total
» upgrades
| Strength of the Moon | 2 | |
| Moon Armor | 2 | |
| Ultravision | 1 | |
| Improved Bows | 1 | |
| Hippogryph Taming | 1 | |
| Marksmanship | 1 | |
| Strength of the Wild | 1 | |
9 total
» buildings
| Altar of Elders | 3 | |
| Moon Well | 10 | |
| Ancient of War | 1 | |
| Ancient of Wonders | 1 | |
| Hunter's Hall | 1 | |
| Tree of Life | 2 | |
| Tree of Ages | 2 | |
| Ancient of Wind | 2 | |
| Ancient Protector | 4 | |
| Tree of Eternity | 1 | |
| Orc Burrow | 3 | |
30 total
» build order
00:05 Altar of Elders
00:14 Altar of Elders
00:17 Moon Well
00:35 Ancient of War
01:31 Moon Well
02:17 Ancient of Wonders
03:26 Hunter's Hall
04:16 Moon Well
04:56 Tree of Life
05:30 Tree of Ages
08:00 Ancient of Wind
08:03 Ancient of Wind
09:10 Ancient Protector
09:18 Ancient Protector
09:55 Ancient Protector
10:01 Ancient Protector
10:12 Moon Well
10:14 Moon Well
11:11 Moon Well
12:26 Tree of Eternity
13:15 Orc Burrow
13:17 Orc Burrow
13:19 Orc Burrow
16:50 Moon Well
17:16 Moon Well
18:00 Moon Well
18:13 Moon Well
23:23 Tree of Life
25:39 Tree of Ages
27:46 Altar of Elders
» items

»
Guenhwyvar (
orange | 120 APM | 1510 actions | 12:35)
5 Blademaster
3 Critical Strike
2 Wind Walk
» actions
| Assign group hotkey | 38 | |
| Basic commands | 40 | |
| Build / train | 49 | |
| ESC pressed | 1 | |
| Enter build submenu | 22 | |
| Enter hero's abilities submenu | 5 | |
| Remove unit from queue | 1 | |
| Right click | 722 | |
| Select / deselect | 192 | |
| Select group hotkey | 401 | |
| Use ability | 39 | |
1510 total
» units
| Peon | 14 | |
| Grunt | 7 | |
| Tauren | 4 | |
| Shaman | 4 | |
| Gryphon Rider | 1 | |
30 total
» upgrades
» buildings
| Altar of Storms | 1 | |
| Orc Burrow | 4 | |
| Barracks | 1 | |
| Voodoo Lounge | 1 | |
| Stronghold | 2 | |
| Spirit Lodge | 1 | |
| Fortress | 2 | |
| Great Hall | 1 | |
| War Mill | 1 | |
| Tauren Totem | 2 | |
| Gryphon Aviary | 3 | |
| Farm | 4 | |
23 total
» build order
00:05 Altar of Storms
00:20 Orc Burrow
00:52 Barracks
01:39 Orc Burrow
02:01 Voodoo Lounge
03:14 Stronghold
03:14 Stronghold
04:05 Orc Burrow
05:36 Spirit Lodge
05:37 Fortress
06:12 Great Hall
06:21 Orc Burrow
06:23 War Mill
08:05 Tauren Totem
08:30 Tauren Totem
08:45 Gryphon Aviary
08:46 Gryphon Aviary
08:47 Gryphon Aviary
10:46 Farm
10:47 Farm
10:49 Farm
10:49 Farm
» items
| Healing Salve | 1 | |
| Boots of Speed | 1 | |
2 total
Player_6 (
purple | 55 APM | 279 actions | 05:04)
1 Beastmaster
1 Summon Bear
» actions
| Assign group hotkey | 15 | |
| Basic commands | 4 | |
| Build / train | 19 | |
| Enter build submenu | 8 | |
| Enter hero's abilities submenu | 1 | |
| Right click | 114 | |
| Select / deselect | 69 | |
| Select group hotkey | 35 | |
| Use ability | 14 | |
279 total
» units
» buildings
| Lumber Mill | 1 | |
| Altar of Kings | 1 | |
| Farm | 2 | |
| Arcane Vault | 1 | |
| Scout Tower | 1 | |
| Keep | 2 | |
| Guard Tower | 1 | |
| Blacksmith | 1 | |
10 total
» build order
00:14 Lumber Mill
01:17 Altar of Kings
01:24 Farm
01:58 Farm
02:18 Arcane Vault
02:40 Scout Tower
03:09 Keep
03:35 Guard Tower
03:49 Blacksmith
» items
| Healing Salve | 1 | |
| Scroll of Speed | 1 | |
| Lesser Clarity Potion | 1 | |
3 total
DishonorOne (
green | 44 APM | 746 actions | 17:01)
2 Blademaster
1 Wind Walk
1 Critical Strike
1 Beastmaster
1 Summon Quilbeast
» actions
| Build / train | 55 | |
| Enter build submenu | 23 | |
| Enter hero's abilities submenu | 3 | |
| Give item / drop item | 1 | |
| Right click | 443 | |
| Select / deselect | 191 | |
| Use ability | 30 | |
746 total
» units
| Peon | 9 | |
| Grunt | 4 | |
| Knight | 10 | |
| Raider | 12 | |
35 total
» upgrades
| Swords | 2 | |
| Plating | 2 | |
| Ensnare | 1 | |
| Melee Weapons | 2 | |
| Armor | 2 | |
| Pillage | 1 | |
| Backpack | 1 | |
| Animal War Training | 1 | |
12 total
» buildings
| Altar of Storms | 1 | |
| Orc Burrow | 6 | |
| Barracks | 3 | |
| War Mill | 1 | |
| Voodoo Lounge | 1 | |
| Stronghold | 1 | |
| Castle | 1 | |
| Beastiary | 2 | |
| Farm | 6 | |
22 total
» build order
00:12 Altar of Storms
00:15 Orc Burrow
00:25 Barracks
01:34 War Mill
01:40 Voodoo Lounge
02:49 Orc Burrow
04:09 Stronghold
05:53 Barracks
05:56 Barracks
05:58 Castle
06:31 Beastiary
06:33 Beastiary
08:45 Orc Burrow
08:46 Orc Burrow
08:48 Orc Burrow
09:32 Farm
09:34 Farm
09:38 Farm
10:01 Orc Burrow
10:43 Farm
10:46 Farm
10:49 Farm
» items
| Healing Salve | 1 | |
| Scroll of Speed | 1 | |
2 total
Chat log
(00:07 / All) Mr.Pink): Good evening Mr. Pink
(00:44 / All) mr-pink: good evening, mr pink
(01:25 / All) mpge4divx: --;;
(01:52 / Allies) mr-pink: yellow
(01:56 / Allies) mr-pink: build moon well in my base
(01:57 / Allies) mr-pink: ho
(02:41 / Allies) Mr.Pink): I'm bats
(03:30 / Allies) mr-pink: faggot
(03:31 / Allies) mr-pink: wow
(03:41 / Allies) aaabbbccc123: fuck you blue
(03:57 / Allies) mr-pink: those are fighting words yellow
(04:14 / Allies) aaabbbccc123: don't use my well
(04:22 / Allies) aaabbbccc123: just a warnning
(04:39 / Allies) mr-pink: i am sorry my liege, yellow, you are correct and i am wrong
(05:04 / All) mpge4divx: (__)
(05:26 / Allies) Mr.Pink): sorry
(05:54 / Allies) mr-pink: middle
(05:55 / Allies) mr-pink: faggots
(06:58 / Allies) mr-pink: ig ot it
(07:37 / Allies) mpge4divx: gj
(08:45 / All) mr-pink: dead deer
(08:47 / Allies) mpge4divx: gj
(09:29 / Allies) mr-pink: wood
(09:30 / Allies) mr-pink: wood
(09:54 / Allies) mr-pink: yellow why do u creep this shit when id ont need u but when i need u run
(10:00 / Allies) Mr.Pink): can I get some wood yellow
(10:16 / Allies) aaabbbccc123: you can do it
(10:23 / Allies) Mr.Pink): yellow?
(10:41 / Allies) mr-pink: denyh them expos
(10:43 / Allies) mr-pink: play with them
(11:20 / Allies) mr-pink: gold
(12:43 / All) mpge4divx: gg
(12:45 / All) jonqdrums: wtf
(15:49 / Allies) mpge4divx: \??
(17:10 / Allies) Mr.Pink): wtf you doing blue c'mon bud I want a win
(17:22 / Allies) Mr.Pink): we haven't won yet
(17:56 / Allies) Mr.Pink): I need wood guys
(20:58 / Allies) Mr.Pink): wtf dude we haven't won yet
(21:02 / Allies) aaabbbccc123: blue you are a fucking moron
(21:09 / All) mr-pink: finish yellow
(21:11 / All) mr-pink: teal
(21:17 / Allies) Mr.Pink): Oh wait it's yellow, yeah he's a faggoty idiot
(21:56 / Allies) Mr.Pink): stop bsing yellow
(22:02 / Allies) Mr.Pink): you're a fag yellow
(23:18 / All) mr-pink: ur gonna win pink,
(23:24 / All) mr-pink: we're kill our base now
(23:27 / All) mr-pink: just leave ur comp on
(23:34 / All) mr-pink: go grab some food game will be over
(24:23 / All) mr-pink: game wil be over in 3 min
(24:42 / All) mr-pink: help me kill my base pink top left
(24:47 / All) mr-pink: or teals base
(24:48 / All) mr-pink: top right
(24:52 / All) jonqdrums: k
(25:19 / All) mr-pink: thanks for staying lol
(25:22 / All) mr-pink: we didnt wan red to win
(25:22 / All) jonqdrums: ha
(25:23 / All) mr-pink: want
(25:24 / All) mr-pink: red
(25:24 / All) jonqdrums: no problem
(25:26 / All) Mr.Pink): Lawl at yellow for talking shit
(25:35 / All) Mr.Pink): JUST A WARRNING
(25:43 / All) mr-pink: what did yellow say
(25:53 / All) Mr.Pink): don't use my moonwell just a "warrning"
(26:18 / All) mr-pink: 10 more buildings left
(26:37 / All) mr-pink: pink, yellow got mad i took his moonwell juice, this is how it all started
(27:14 / All) mr-pink: game will end in 30 sec good job pink
(27:32 / All) jonqdrums: thanks dudes
(27:36 / All) mr-pink: ur welcome
(27:39 / All) mr-pink: red was arrogant,
(27:39 / All) Mr.Pink): Yellow is 92-265 ffa
(27:45 / All) mr-pink: dang